 Dungeon Crawl Stone Soup version 0.23.2-40-g277498a001 (webtiles) character file.

Game seed: 4497722825571524231

25 traurg the Caller (level 2, 0/20 HPs)
             Began as a Minotaur Summoner on Oct 17, 2019.
             Succumbed to an adder's poison
             ... on level 2 of the Dungeon.
             The game lasted 00:07:54 (522 turns).

traurg the Caller (Minotaur Summoner)                Turns: 522, Time: 00:07:54

Health: 0/20       AC:  2    Str: 12    XL:     2   Next: 86%
Magic:  3/4        EV:  9    Int: 12    God:
Gold:   26         SH:  0    Dex: 10    Spells: 4/5 levels left

rFire    . . .     SeeInvis .   d - +0 short sword (holy)
rCold    . . .     Gourm    .   (no shield)
rNeg     . . .     Faith    .   a - +0 robe
rPois    .         Spirit   .   (helmet restricted)
rElec    .         Reflect  .   (no cloak)
rCorr    .         Harm     .   (no gloves)
MR       .....                  (no boots)
Stlth    ++........             (no amulet)
HPRegen  0.06/turn              e - -3 ring of evasion (curse)
MPRegen  0.09/turn              (no ring)

@: lethally poisoned (0 -> -7)
A: retaliatory headbutt, horns 2
a: no special abilities


You were on level 2 of the Dungeon.
You were not hungry.

You visited 1 branch of the dungeon, and saw 2 of its levels.

You collected 26 gold pieces.

Inventory:

Hand Weapons
 d - a +0 short sword of holy wrath (weapon)
Armour
 a - a +0 robe (worn)
Jewellery
 e - a cursed -3 ring of evasion (left hand)
Scrolls
 b - a scroll of fear {unknown}
 f - a scroll of identify {unknown}
Comestibles
 c - 3 rations


   Skills:
 - Level 2.1 Dodging
 - Level 1.5 Stealth
 + Level 2.4 Spellcasting
 - Level 2.9 Summonings


You had 4 spell levels left.
You knew the following spells:

 Your Spells              Type           Power        Failure   Level  Hunger
a - Summon Small Mammal   Summ           #...         8%          1    ##.....

Your spell library contained the following spells:

 Spells                   Type           Power        Failure   Level  Hunger
 Call Imp                 Summ           #.......     12%         2    ###....
 Call Canine Familiar     Summ           #.......     22%         3    ####...
 Summon Guardian Golem    Hex/Summ       #.......     38%         3    ####...
 Summon Ice Beast         Ice/Summ       #.......     80%         4    #####..
 Summon Lightning Spire   Summ/Air       #.......     80%         4    #####..


Dungeon Overview and Level Annotations

Branches:
Dungeon (2/15)

Altars:
Okawaru


Innate Abilities, Weirdness & Mutations

You reflexively headbutt those who attack you in melee.
You have a pair of horns on your head.


Message History

Your rat barely misses the adder.
The adder bites your rat.
Your rat dies!
Your rat's corpse disappears in a puff of smoke!
Your rat closely misses the adder.
Your rat barely misses the adder.
You miss the adder.
The adder is lightly wounded.
The adder closely misses you.
Your rat closely misses the adder.
You hit the adder but do no damage.
The adder is lightly wounded.
The adder bites you.
* * * LOW HITPOINT WARNING * * *
You are lethally poisoned!
The adder poisons you!
Your rat bites the adder.
The adder bites you.
* * * LOW HITPOINT WARNING * * *
Unknown command.
You miss the adder. Your headbutt misses the adder.
The adder is moderately wounded.
You die...

##. ..#. . ... #.. .#
#.##.#####.
#.....^... #........#
# #.....##.#.# .#
#.#r......# ..#
#@S.....# #.#
###...### #.# #...# #
#.# #...# #.#.#
#####.†.#####
#.#.####.....).....#
#....................
###.####...........##
#r# ###.#...#.###


You could see an adder and a friendly rat.

Vanquished Creatures
  An adder (D:2)
  A leopard gecko (D:1)
  4 hobgoblins
  A quokka (D:2)
  A bat (D:1)
  3 frilled lizards (D:2)
  2 kobolds
  4 rats
17 creatures vanquished.

Vanquished Creatures (collateral kills)
  A goblin (D:2)
1 creature vanquished.

Grand Total: 18 creatures vanquished

Notes
Turn   | Place    | Note
-------+----------+-------------------------------------------
     0 | D:1      | traurg the Minotaur Summoner began the quest for the Orb.
     0 | D:1      | Reached XP level 1. HP: 14/14 MP: 1/1
   326 | D:1      | Reached XP level 2. HP: 12/20 MP: 1/3
   469 | D:2      | Found an iron altar of Okawaru.
   521 | D:2      | HP: 1/20 [adder (2)]
   522 | D:2      | Succumbed to an adder's poison

Skill      XL: |  1  2 |
---------------+-------+-----
Spellcasting   | 2 |  2.4
Dodging        | |  2.1
Stealth        | |  1.5
Summonings     | |  2.9

Action                   || total
-------------------------++-------
Melee: Unarmed           ||    22
       Short sword       ||    25
       Headbutt          ||     7
 Cast: Summon Small Mamm ||     9
 Stab: Distracted        ||     1
Armor: Robe              ||     3
Dodge: Dodged            ||    32
